 Dungeon Crawl Stone Soup version 0.25.1-2-g60ff931df9 (webtiles) character file.

Game seed: 6878958441592969227

50460 Almogavar the Fencer (level 14, -1/135 HPs)
             Began as a Minotaur Berserker on Sept 19, 2020.
             Was a High Priest of Trog.
             Splashed by an oklob plant's acid (20 damage)
             ... on level 5 of the Lair of Beasts.
             The game lasted 01:16:03 (24015 turns).

Almogavar the Fencer (Minotaur Berserker)          Turns: 24015, Time: 01:16:06

Health: -1/135     AC:  0    Str: 32    XL:     14   Next: 19%
Magic:  13/13      EV: 13    Int:  4    God:    Trog [*****.]
Gold:   1024       SH:  5    Dex: 13    Spells: 13/13 levels left

rFire    . . .     SeeInvis .   a - +11 great sword "Isejugre" {flame, Str+5 Dex+3}
rCold    . . .     Gourm    .   (shield currently unavailable)
rNeg     . . .     Faith    .   X - +2 chain mail {rPois}
rPois    +         Spirit   .   (helmet restricted)
rElec    .         Reflect  +   y - +0 cloak
rCorr    .         Harm     .   m - +0 pair of gloves
MR       +....                  d - +0 pair of boots
Stlth    ..........             T - amulet of reflection
HPRegen  0.32/turn              k - ring of stealth
MPRegen  0.13/turn              D - ring of flight

@: corroded
A: retaliatory headbutt, horns 2
a: Berserk, Trog's Hand, Brothers in Arms, Renounce Religion, Evoke Flight


You were on level 5 of the Lair of Beasts.
You worshipped Trog.
Trog was extremely pleased with you.
You were hungry.

You visited 2 branches of the dungeon, and saw 16 of its levels.
You also visited: Sewer, Ossuary and Ice Cave.

You collected 1024 gold pieces.

Inventory:

Hand Weapons
 a - the +11 great sword "Isejugre" (weapon) {flame, Str+5 Dex+3}
   (Trog gifted it to you on level 10 of the Dungeon)

   It has been specially enchanted to burn those struck by it, causing extra
   injury to most foes and up to half again as much damage against particularly
   susceptible opponents.
   Big, fiery blades are also staple armaments of hydra-hunters.
   It affects your strength (+5).
   It affects your dexterity (+3).
 j - a +3 hunting sling
 J - a +0 long sword of freezing
 V - a +2 hunting sling of flaming
Missiles
 g - 105 sling bullets
 n - 179 stones (quivered)
Armour
 d - a +0 pair of boots (worn)
 h - a cursed +0 tower shield
 m - a +0 pair of gloves (worn)
 s - a +0 plate armour
 y - a +0 cloak (worn)
 X - a +2 chain mail of poison resistance (worn)
Jewellery
 k - a ring of stealth (left hand)
 D - a ring of flight (right hand)
 G - the amulet of the Air {Inacc +Fly rElec EV+5 RMsl}
   (You found it on level 6 of the Lair of Beasts)

   [amulet of inaccuracy]

   It reduces the accuracy of all your attacks.
   It affects your evasion (+5).
   It insulates you from electricity.
   It lets you fly.
   It protects you from missiles.
 S - a cursed ring of attention {unknown}
 T - an amulet of reflection (around neck)
 U - an uncursed ring of protection from cold {unknown}
Wands
 f - a wand of flame (24)
 p - a wand of enslavement (8)
 q - a wand of random effects (15)
 A - a wand of paralysis (22)
 H - a wand of iceblast (11)
 I - a wand of disintegration (10)
 L - a wand of polymorph (3)
 M - a wand of digging (6)
Scrolls
 b - 7 scrolls of remove curse
 l - 3 scrolls of magic mapping
 u - 6 scrolls of fear
 B - 4 scrolls of enchant armour
 F - 3 scrolls of fog
 K - 5 scrolls of teleportation
 N - a scroll of enchant weapon
 P - a scroll of summoning
 Q - 2 scrolls of identify
 R - a scroll of blinking
Potions
 e - 3 potions of resistance
 i - 9 potions of curing
 o - 2 potions of lignification
 r - 2 potions of mutation
 t - 3 potions of flight
 v - a potion of cancellation
 w - 3 potions of stabbing
 z - 4 potions of haste
 C - a potion of heal wounds
 E - 2 potions of might
 O - a potion of invisibility
 W - 2 potions of ambrosia
Comestibles
 c - 37 rations


   Skills:
 + Level 15.2 Fighting
 + Level 16.1 Long Blades
 - Level 11.9(12.0) Slings
 + Level 1.0(7.1) Throwing
 + Level 12.4 Armour
 + Level 7.1 Dodging
 - Level 0.5 Stealth
 + Level 0.9 Evocations


You had 13 spell levels left.
You didn't know any spells.
Your spell library was empty.

Dungeon Overview and Level Annotations

Branches:
Dungeon (10/15)            Temple (0/1) D:7            Lair (6/6) D:8
  Swamp (0/4) Lair:3        Snake (0/4) Lair:3        Slime (0/5) Lair:6
  Sewer (visited)         Ossuary (visited)           IceCv (visited)
    Orc: D:9-12

Altars:
Dithmenos
Nemelex Xobeh
Sif Muna
Uskayaw
Xom
The Shining One
Jiyva

Annotations:
D:7 2 transporters, Curus's ghost, novice HOMo
Lair:5 exclusion: oklob plant


Innate Abilities, Weirdness & Mutations

You reflexively headbutt those who attack you in melee.
You have a pair of horns on your head.


Message History

You are splashed with acid!!
The oklob plant spits acid at you. The splash of acid hits you!
You are splashed with acid!
You slash the oklob plant! You burn the oklob plant.
You headbutt the oklob plant, but do no damage.
The oklob plant is moderately damaged.
The oklob plant spits acid at you. The splash of acid hits you!
* * * LOW HITPOINT WARNING * * *
The acid corrodes you!
You are splashed with acid!
* * * LOW HITPOINT WARNING * * *
You feel better.
Unknown command.
You hit the oklob plant but do no damage.
The oklob plant is moderately damaged.
The oklob plant spits acid at you. The splash of acid hits you!
* * * LOW HITPOINT WARNING * * *
The acid corrodes you!
You are splashed with acid!!
You die...

#.....##...#.......
#P....PP..#........
###.#......#.......
#.###...####......
##.##..######.....
###.##....)###.....
#./.##....###.#....
#..%##..>..#.###>..
#P@.##..?....####..
######.........####
######.......P##
#..............#
####..............##
#..................##
####..................#
#.#...#...#.........####
#......####.........# ##


You could see an oklob plant.

Vanquished Creatures
  8 hydras
  A catoblepas (Lair:6)
  A deep troll shaman (Lair:6)
  6 death yaks (Lair:6)
  4 lindwurms (Lair:6)
  Pikel (D:4)
  2 ugly things (IceCv)
  A manticore (D:10)
  24 elephants
  Psyche (D:9)
  An ice statue (IceCv)
  2 black mambas
  A torpor snail (Lair:6)
  3 spiny frogs
  A rime drake (Lair:6)
  4 komodo dragons
  Prince Ribbit (D:9)
  A hornet (D:8)
  2 polar bears
  13 blink frogs
  9 hippogriffs
  2 dream sheep (D:8)
  Sigmund (D:6)
  Eustachio (D:4)
  4 wyverns
  3 basilisks
  57 yaks
  2 nagas (Lair:3)
  A steam dragon (D:8)
  3 wargs
  6 water moccasins
  5 porcupines
  Purgy (Sewer)
  8 ice beasts
  5 orc warriors
  6 ogres
  4 black bears
  2 phantoms
  10 wolves
  2 sky beasts
  A necrophage (D:10)
  4 centaurs
  6 crocodiles
  4 big kobolds (D:8)
  12 bullfrogs
  2 water moccasin zombies (Ossuary)
  20 killer bees
  3 scorpions
  An electric eel (Lair:4)
  3 howler monkeys
  4 crimson imps
  A centaur zombie (D:9)
  7 hounds
  3 jellies
  14 orc priests
  2 centaur skeletons
  4 iguanas
  12 orc wizards
  5 worker ants
  A big kobold zombie (Ossuary)
  4 hound skeletons
  2 mummies (Ossuary)
  A howler monkey zombie (D:5)
  A worker ant zombie (D:6)
  10 adders
  3 shadow imps
  2 oozes
  An adder skeleton (D:9)
  7 adder zombies (Ossuary)
  3 worms (D:2)
  2 dart slugs
  7 leopard geckos
  31 orcs
  13 bats
  6 giant cockroaches
  3 gnoll zombies (Ossuary)
  11 goblins
  15 hobgoblins
  18 jackals
  7 quokkas
  5 ball pythons (Sewer)
  6 frilled lizards
  A hobgoblin zombie (Ossuary)
  13 kobolds
  4 kobold zombies (Ossuary)
  5 orc zombies (Ossuary)
  14 rats
  A bush (Lair:5)
515 creatures vanquished.

Vanquished Creatures (collateral kills)
  An ice statue (IceCv)
1 creature vanquished.

Vanquished Creatures (others)
  A slave (D:5)
  A phantom (D:5)
  A worker ant (D:5)
  An adder (D:5)
  An adder zombie (D:5)
  2 orcs
  A leopard gecko skeleton (D:5)
  20 fungi
  12 plants
40 creatures vanquished.

Grand Total: 556 creatures vanquished

Notes
Turn   | Place    | Note
-------+----------+-------------------------------------------
     0 | D:1      | Almogavar the Minotaur Berserker began the quest for the
                  | Orb.
     0 | D:1      | Reached XP level 1. HP: 19/19 MP: 0/0
   168 | D:1      | Reached XP level 2. HP: 17/27 MP: 1/1
   276 | D:1      | Reached skill level 4 in Long Blades
   842 | D:1      | Reached XP level 3. HP: 32/33 MP: 2/2
   918 | D:1      | Reached ** piety under Trog
  1536 | D:2      | Reached skill level 1 in Slings
  1536 | D:2      | Reached XP level 4. HP: 36/40 MP: 3/3
  1816 | D:2      | Reached skill level 5 in Long Blades
  1866 | D:2      | Reached *** piety under Trog
  2142 | D:2      | Noticed a +0 dagger
  2142 | D:2      | Noticed a +0 hand axe
  2145 | D:2      | Found a hide-covered altar of Uskayaw.
  2448 | D:3      | Reached XP level 5. HP: 45/47 MP: 4/4
  3284 | D:3      | Noticed an ogre
  3295 | D:3      | Killed an ogre
  3295 | D:3      | Reached XP level 6. HP: 18/53 MP: 5/5
  3629 | D:3      | Noticed an ice beast
  3648 | D:3      | Killed an ice beast
  3648 | D:3      | Reached skill level 5 in Slings
  3899 | D:3      | Reached **** piety under Trog
  4011 | D:4      | Found a glowing drain.
  4041 | Sewer    | Entered a sewer
  4060 | Sewer    | Noticed Purgy
  4083 | Sewer    | Killed Purgy
  4083 | Sewer    | Reached XP level 7. HP: 18/60 MP: 6/6
  4662 | D:4      | Noticed Eustachio
  4678 | D:4      | Reached skill level 5 in Fighting
  4717 | D:4      | Killed Eustachio
  4918 | D:4      | Found a glowing golden altar of the Shining One.
  4966 | D:4      | Found a shadowy altar of Dithmenos.
  4995 | D:4      | Reached XP level 8. HP: 34/69 MP: 7/7
  5005 | D:4      | HP: 1/69 [orc priest/divine providence (12)]
  5477 | D:5      | Entered Level 5 of the Dungeon
  5479 | D:5      | Noticed Pikel
  5503 | D:4      | Killed Pikel
  5503 | D:4      | Reached skill level 6 in Long Blades
  5503 | D:4      | Reached skill level 5 in Armour
  6461 | D:6      | Reached XP level 9. HP: 64/77 MP: 8/8
  7125 | D:6      | Noticed Sigmund
  7379 | D:6      | Killed Sigmund
  7379 | D:6      | Reached skill level 10 in Slings
  7890 | D:6      | Reached skill level 1 in Throwing
  8140 | D:6      | Reached skill level 7 in Long Blades
  8786 | D:7      | Reached ***** piety under Trog
  8828 | D:7      | Noticed Curus's ghost (novice HOMo)
  8828 | D:7      | Noticed a queen bee
  9027 | D:7      | Found a sand-covered staircase.
  9032 | Ossuary  | Entered an ossuary
  9719 | D:7      | Found a staircase to the Ecumenical Temple.
 10060 | D:7      | Found a transporter.
 10064 | D:7      | Found a transporter.
 10163 | D:8      | Paralysed by a hornet for 2 turns
 10166 | D:8      | Reached XP level 10. HP: 68/86 MP: 9/9
 10202 | D:8      | Got a smoking mace
 10868 | D:8      | Found a staircase to the Lair.
 11102 | D:8      | Reached skill level 8 in Long Blades
 11201 | D:8      | Noticed a two-headed hydra
 11785 | D:8      | Identified the cursed +1 mace "Athe" {antimagic, Int+4
                  | Dex+4} (You found it on level 8 of the Dungeon)
 12203 | D:8      | Found a sparkling altar of Nemelex Xobeh.
 12305 | D:8      | Received a gift from Trog
 12750 | D:9      | Found a shimmering altar of Xom.
 13269 | D:9      | Found a shimmering blue altar of Sif Muna.
 13507 | D:9      | Noticed Prince Ribbit
 13522 | D:9      | Killed Prince Ribbit
 14146 | D:9      | Noticed Psyche
 14162 | D:9      | Paralysed by Psyche for 2 turns
 14165 | D:9      | Killed Psyche
 14165 | D:9      | Reached XP level 11. HP: 87/97 MP: 10/10
 14415 | D:10     | Entered Level 10 of the Dungeon
 14648 | D:10     | Reached skill level 5 in Dodging
 14827 | D:10     | Reached skill level 10 in Fighting
 14972 | D:10     | Received a gift from Trog
 14982 | D:10     | Got a warped great sword {god gift}
 14983 | D:10     | Identified the +11 great sword "Isejugre" {flame, Str+5
                  | Dex+3} (Trog gifted it to you on level 10 of the Dungeon)
 15974 | D:7      | Killed a one-headed hydra
 15974 | D:7      | Reached skill level 9 in Long Blades
 16095 | Lair:1   | Entered Level 1 of the Lair of Beasts
 16129 | Lair:1   | Reached skill level 10 in Armour
 16381 | Lair:1   | Reached skill level 10 in Long Blades
 16444 | Lair:1   | You fall into a shaft and drop 1 floor!
 16447 | Lair:2   | Noticed an eight-headed hydra
 16458 | Lair:2   | Killed a six-headed hydra
 16558 | Lair:2   | Noticed an eight-headed hydra
 16564 | Lair:2   | Killed a six-headed hydra
 16564 | Lair:2   | Reached XP level 12. HP: 95/112 MP: 11/11
 16572 | Lair:2   | Found a frozen archway.
 16583 | IceCv    | Entered an ice cave
 16592 | IceCv    | HP: 5/112 [ice beast (11)]
 16594 | IceCv    | Reached skill level 11 in Long Blades
 16598 | IceCv    | Found a transporter.
 16855 | IceCv    | Found a transporter.
 17184 | Lair:2   | Noticed a four-headed hydra
 17190 | Lair:2   | Killed a one-headed hydra
 17235 | Lair:2   | Reached skill level 12 in Long Blades
 18434 | Lair:3   | Found a staircase to the Snake Pit.
 18435 | Lair:3   | Noticed a four-headed hydra
 18448 | Lair:3   | Killed a two-headed hydra
 18448 | Lair:3   | Reached skill level 13 in Long Blades
 18501 | Lair:3   | Received a gift from Trog
 18921 | Lair:3   | Found a staircase to the Swamp.
 19124 | Lair:3   | Reached XP level 13. HP: 105/122 MP: 12/12
 20836 | Lair:4   | You fall into a shaft and drop 2 floors!
 20836 | Lair:6   | Entered Level 6 of the Lair of Beasts
 20932 | Lair:6   | Reached skill level 14 in Long Blades
 21871 | Lair:6   | Found a viscous altar of Jiyva.
 21871 | Lair:6   | Found a staircase to the Slime Pits.
 22499 | Lair:6   | Reached skill level 15 in Long Blades
 22905 | Lair:6   | Reached XP level 14. HP: 121/133 MP: 13/13
 22928 | Lair:6   | Received a gift from Trog
 22928 | Lair:6   | Reached skill level 15 in Fighting
 23084 | Lair:6   | Found the amulet of the Air {Inacc +Fly rElec EV+5 RMsl}
 23525 | Lair:5   | Reached skill level 16 in Long Blades
 24015 | Lair:5   | Splashed by an oklob plant's acid

Illustrated notes

Levels and vault maps discovered:
D:1:      matt_arrival_los_fun, layout_basic
D:2:      layout_loops_ring, dancing_weapons_uskayaw, minmay_tripent
D:3:      layout_basic, minmay_pentangle
D:4:      layout_rooms, lemuel_round_altar, lemuel_doored_altar,
          portal_sewer_entry_f, first_ration, uniq_eustachio
D:5:      layout_rooms, grunt_ministairs_15, uniq_pikel
D:6:      layout_loops_corners, uniq_sigmund
D:7:      layout_basic, lemuel_temple_firewalk_a,
          nicolae_ossuary_entry_false_entrances, gammafunk_ghost_hive
D:8:      minmay_cornered_nines, layout_loops_ring,
          nemelex_xobeh_ov_fountains_minmay, erik_lair_orcish_takeover,
          hangedman_ranch [blue_anna_fruit_fields]
D:9:      layout_gridville, led_sif_book, tgw_xom, uniq_psyche,
          uniq_prince_ribbit1
D:10:     layout_stronghold
Lair:1:   layout_long_grid, wad_woods_road_02, minivault_27
Lair:2:   layout_regular_city, portal_ice_cave_entry_pillars_1
Lair:3:   layout_roguey, swamp_mist_pool, guppyfry_snake_entry_island,
          lemuel_fruit_tree, serial_bayou_shore_b
Lair:4:   layout_cave_pods, nicolae_quartered_pool_little
Lair:5:   layout_cave_pods, minmay_lair_oklob_items
Lair:6:   grunt_lair_end_beastmaster, layout_small_grid, slime_altar_1,
          minmay_lindwurm_lava

Skill      XL: |  1  2  3  4  5  6  7  8  9 10 11 12 13 14 |
---------------+-------------------------------------------+-----
Long Blades    | 4 5 6 7 8 10 13 15 16 | 16.1
Fighting       | 4 5 6 7 9 11 13 14 15 | 15.2
Slings         | 1 2 4 5 7 9 11 | 11.9
Armour         | 3 4 5 6 9 10 11 12 | 12.4
Dodging        | 3 4 6 7 |  7.1
Throwing       | 1 |  1.0
Stealth        | |  0.5
Evocations     | |  0.9

Action                   |  1- 3 |  4- 6 |  7- 9 | 10-12 | 13-15 || total
-------------------------+-------+-------+-------+-------+-------++-------
Melee: Falchion          |    60 |    81 |   293 |   127 |       ||   561
       Headbutt          |     5 |    18 |    70 |    78 |    63 ||   234
       Mace              |       |       |       |     6 |       ||     6
       Great sword       |       |       |       |   131 |   183 ||   314
 Fire: Hunting sling     |    10 |   134 |   276 |   566 |   210 ||  1196
Throw: Stone             |       |       |    23 |       |       ||    23
Invok: Trog's Hand       |       |       |     2 |     3 |       ||     5
       Berserk           |       |       |     5 |     4 |       ||     9
       Brothers in Arms  |       |       |       |     1 |       ||     1
 Abil: Evoke Flight      |       |       |       |       |     2 ||     2
Evoke: Wand              |       |       |       |       |     5 ||     5
  Use: Scroll            |     3 |     8 |    10 |    11 |     4 ||    36
       Potion            |       |     1 |     1 |     3 |     1 ||     6
 Stab: Sleeping          |     4 |       |       |       |       ||     4
       Petrified         |       |       |       |       |     8 ||     8
       Petrifying        |       |       |       |       |     3 ||     3
  Eat: Chunk             |     2 |     8 |    20 |    23 |    11 ||    64
       Ration            |       |       |     1 |     3 |     1 ||     5
Armor: Animal skin       |    13 |       |       |       |       ||    13
       Leather armour    |     1 |    12 |       |       |       ||    13
       Ring mail         |       |    36 |    27 |       |       ||    63
       Scale mail        |       |       |   109 |   164 |    64 ||   337
       Chain mail        |       |       |       |       |    20 ||    20
Dodge: Dodged            |    41 |    91 |   193 |   260 |   112 ||   697
Block: Other             |       |       |       |       |     4 ||     4
       Rpst.: Falchion   |    10 |    14 |    39 |    23 |       ||    86
       Great sword       |       |       |       |    25 |    27 ||    52
